[Event "5th EFE Metz Festival Amateur 2019"]
[Site "Metz"]
[Date "2019.07.25"]
[Round "3.1"]
[White "Pirverdiyev, Agil"]
[Black "Quesada Vera, Liordis"]
[Result "0-1"]
[ECO "B07"]
[WhiteElo "2406"]
[BlackElo "2386"]
[Annotator "NA"]
[PlyCount "59"]
[EventDate "2019.07.24"]
[EventType "tourn"]
[EventCountry "FRA"]
[SourceTitle "playchess.com"]
[Source "ChessBase"]
[SourceQuality "1"]
[TimeControl "5400+30"]

1. e4 d6 2. d4 Nf6 3. Nc3 Nbd7 4. Nf3 e5 5. Bc4 Be7 6. O-O O-O 7. Re1 c6 8. a4 exd4 {[%emt 0:17:36] C41: Philidor Defence} (8... a5 9. h3 Nb6 10. Ba2 Nfd7 11. Be3 exd4 12. Bxd4 Nc5 13. Bxc5 dxc5 14. Qe2 Qd6 15. Rad1 Qg6 16. Ne5 Qg5 17. Nf3 Qg6 18. Ne5 Qg5 19. Nf3 Qg6 20. Ne5 Qg5 {½-½ (20) Fressinet,L (2650)-Ponomariov,R (2663) Germany 2019}) 9. Qxd4 Ne5 10. Be2 Nfg4 11. Nxe5 dxe5 12. Qd1 $146 ({Predecessor:} 12. Qxd8 Rxd8 13. Nd1 Nf6 14. f3 Be6 15. Ne3 Bc5 16. Kf1 {0-1 (55) Nomin Erdene,D (2303)-Kadric,D (2511) Novi Sad 2015}) 12... Qxd1 13. Nxd1 Bc5 14. h3 Nf6 15. Bc4 Re8 16. Kf1 Be6 17. Bxe6 Rxe6 18. f3 Rd8 19. Be3 Nd7 20. a5 Rd6 21. Ke2 f6 22. c3 Bxe3 23. Nxe3 Nc5 24. Nc4 R6d7 25. Red1 Kf8 26. h4 Ke7 27. g3 Nb3 28. Rxd7+ $11 Rxd7 29. Rd1 Rxd1 30. Kxd1 0-1

[Event "5th EFE Metz Festival Amateur 2019"]
[Site "Metz"]
[Date "2019.07.25"]
[Round "3.3"]
[White "Le Goff, Ronan"]
[Black "Dutreuil, Raphael"]
[Result "1/2-1/2"]
[ECO "A49"]
[WhiteElo "2281"]
[BlackElo "2302"]
[Annotator "NA"]
[PlyCount "59"]
[EventDate "2019.07.24"]
[EventType "tourn"]
[EventCountry "FRA"]
[SourceTitle "playchess.com"]
[Source "ChessBase"]
[SourceQuality "1"]
[TimeControl "5400+30"]

1. d4 Nf6 2. Nf3 g6 3. g3 Bg7 4. Bg2 O-O 5. O-O c5 6. c3 cxd4 7. cxd4 d5 8. Nc3 Nc6 9. Bf4 Ne4 10. Rc1 Be6 11. a3 Rc8 12. Ne5 Nxc3 13. Rxc3 Nxe5 14. Rxc8 Qxc8 15. Bxe5 Bxe5 16. dxe5 Qc4 17. Qd2 Rc8 18. Rd1 Kg7 19. h4 Qc2 20. Bf3 Qf5 21. Qd4 Rc4 22. Qe3 Qc2 23. Qd2 b6 24. Qxc2 Rxc2 25. Bxd5 Bxd5 26. Rxd5 Rxb2 27. Rd7 Rxe2 28. Rxe7 Kf8 29. Rxa7 Rxe5 30. Rb7 1/2-1/2

[Event "5th EFE Metz Festival Amateur 2019"]
[Site "Metz"]
[Date "2019.07.25"]
[Round "3.4"]
[White "Huesmann, Thomas"]
[Black "Douriet Duany, Alexis"]
[Result "1-0"]
[ECO "E91"]
[WhiteElo "2143"]
[BlackElo "2247"]
[Annotator "NA"]
[PlyCount "146"]
[EventDate "2019.07.24"]
[EventType "tourn"]
[EventCountry "FRA"]
[SourceTitle "playchess.com"]
[Source "ChessBase"]
[SourceQuality "1"]
[TimeControl "5400+30"]

1. e4 g6 2. d4 Bg7 3. c4 d6 4. Nc3 Nf6 5. Be2 O-O 6. Nf3 Bg4 7. O-O Nfd7 8. Be3 e5 9. dxe5 dxe5 10. Bg5 Qc8 11. Nd5 Nc6 12. b4 Bxf3 13. Bxf3 Kh8 14. Ne7 Nxe7 15. Bxe7 Re8 16. Bg5 Nf6 17. Qc2 a5 18. a3 Qe6 19. h3 h5 20. c5 Nh7 21. Be3 Bf6 22. Be2 Bg5 23. Bxg5 Nxg5 24. bxa5 Qc6 25. Rab1 Re7 26. Rfe1 Ne6 27. Bb5 Qxc5 28. Qd2 Kg7 29. Rec1 Qd4 30. Qe1 c6 31. Bf1 Qa4 32. Qb4 Qxb4 33. axb4 Nd4 34. Bc4 f5 35. exf5 gxf5 36. Kf1 Kf6 37. Rd1 Rd7 38. Be2 h4 39. Bc4 c5 40. bxc5 Rxa5 41. Rb6+ Kg5 42. c6 bxc6 43. Rxc6 Nxc6 44. Rxd7 Ra1+ 45. Ke2 Nd4+ 46. Kd2 Rb1 47. Kc3 Rc1+ 48. Kb4 Rc2 49. f3 Kf4 50. Rg7 Ke3 51. Bd5 Ne2 52. Rh7 Nf4 53. Bb3 Rxg2 54. Rxh4 Rg3 55. Rh7 Rxh3 56. Rf7 Rxf3 57. Kc5 e4 58. Kd6 Nd3 59. Bd5 Rf2 60. Re7 Rd2 61. Bb7 Nf4+ 62. Kc5 Rc2+ 63. Kd6 Rd2+ 64. Kc5 Ng2 65. Re5 Kf4 66. Re8 e3 67. Kc4 Nh4 68. Kc3 Rd7 69. Ba6 Nf3 70. Rh8 Kg3 71. Rg8+ Kf2 72. Rf8 Rd5 73. Kc4 Ra5 1-0

[Event "5th EFE Metz Festival Amateur 2019"]
[Site "Metz"]
[Date "2019.07.25"]
[Round "3.5"]
[White "Ortega, Francois"]
[Black "Briet, Antoine"]
[Result "*"]
[ECO "B40"]
[WhiteElo "2215"]
[BlackElo "2219"]
[Annotator "NA"]
[PlyCount "24"]
[EventDate "2019.07.24"]
[EventType "tourn"]
[EventCountry "FRA"]
[SourceTitle "playchess.com"]
[Source "ChessBase"]
[SourceQuality "1"]
[TimeControl "5400+30"]

1. e4 c5 2. Nf3 e6 3. g3 d5 4. exd5 exd5 5. Bg2 Nf6 6. O-O Nc6 7. d4 Bg4 8. Be3 cxd4 9. Bxd4 Be7 10. h3 Bf5 11. Nbd2 h6 12. c3 Qd7 *